 Dungeon Crawl Stone Soup version 0.27.1-34-g3ba077fa99 (webtiles) character file.

Game seed: 4874053986920294792

905 Gabide the Poker (level 8, 0/61 HPs)
             Began as a Human Monk on Jan 21, 2022.
             Succumbed to a scorpion's poison
             ... on level 5 of the Dungeon.
             The game lasted 00:09:39 (6162 turns).

Gabide the Poker (Human Monk)                       Turns: 6162, Time: 00:09:39

Health: 0/61       AC:  5    Str: 11    XL:     8   Next: 29%
Magic:  8/8        EV: 12    Int: 10    God:
Gold:   154        SH:  5    Dex: 19    Spells: 7/7 levels left

rFire    . . .     SeeInvis .   k - +0 trident
rCold    . . .     Faith    .   (no shield)
rNeg     . . .     Spirit   .   g - +0 ring mail
rPois    .         Reflect  +   (no helmet)
rElec    .         Harm     .   (no cloak)
rCorr    .         Rampage  .   (no gloves)
Will     .....                  (no boots)
Stlth    ++........             e - amulet of reflection
HPRegen  0.20/turn              (no ring)
MPRegen  0.11/turn              (no ring)

@: lethally poisoned (0 -> -3)
A: no striking features
a: no special abilities


You were on level 5 of the Dungeon.
You visited 1 branch of the dungeon, and saw 5 of its levels.

You collected 154 gold pieces.

Inventory:

Hand Weapons
 k - a +0 trident (weapon)
Armour
 g - a +0 ring mail (worn)
Jewellery
 e - an amulet of reflection (around neck)
Wands
 l - a wand of flame (20) (quivered)
Scrolls
 a - 2 scrolls of identify
 d - 2 scrolls of amnesia
 i - 2 scrolls of fog
 j - a scroll of magic mapping


   Skills:
 * Level 4.7 Fighting
 * Level 6.5 Polearms
 + Level 3.1 Armour
 * Level 4.7 Dodging
 + Level 3.1 Stealth
 + Level 0.5 Shields


You had 7 spell levels left.
You didn't know any spells.
Your spell library contained the following spells:

 Spells                   Type           Power      Damage    Failure   Level
 Ensorcelled Hibernation  Hex/Ice        0%         N/A       78%         2
 Spider Form              Tmut/Pois      0%         N/A       95%         3
 Airstrike                Air            0%         N/A       100%        4
 Summon Lightning Spire   Summ/Air       0%         N/A       100%        4
 Lightning Bolt           Conj/Air       0%         1d11      100%        5
 Shadow Creatures         Summ           N/A        N/A       100%        6


Dungeon Overview and Level Annotations

Branches:
Dungeon (5/15)
 Temple: D:4-7

Altars:
Qazlal

Shops:
D:2 :

Annotations:
D:4 2 transporters, glosham's ghost, novice DjAM


Message History

You are too injured to fight recklessly!
You are too injured to fight recklessly!
You are too injured to fight recklessly!
You are too injured to fight recklessly!
You are too injured to fight recklessly!
You are too injured to fight recklessly!
You feel very sick. The scorpion stings you.
You are lethally poisoned!
The scorpion poisons you!
You aren't carrying any potions.
Aiming: Throw Flame
Press: ? - help, Q - select action Shift-Dir - straight line, f/p - scorpion
Aim: a scorpion (moderately wounded, 68% to hit)
Okay, then.
As you read the scroll of teleportation, it crumbles to dust.
You feel strangely unstable.
* * * LOW HITPOINT WARNING * * *
You feel very sick. The scorpion barely misses you.
* * * LOW HITPOINT WARNING * * *
You feel very sick.
* * * LOW HITPOINT WARNING * * *
You feel very sick.
Your surroundings suddenly seem different.
* * * LOW HITPOINT WARNING * * *
You feel very sick.
There is a lethal amount of poison in your body!
There is a lethal amount of poison in your body!
You aren't carrying any potions.
Okay, then.
* * * LOW HITPOINT WARNING * * *
You feel sick.
* * * LOW HITPOINT WARNING * * *
You feel sick.
* * * LOW HITPOINT WARNING * * *
You feel sick.
* * * LOW HITPOINT WARNING * * *
You feel sick.
You die...

#..#..#.## #.#...#.#.# ..
####.###### ##.
........#. #..
.....####.. #..
.....#####..##..
<............... ##
...########.....#### .
.#......# #....@..#.#
<######.#....#.###.#.####
....###...##.. ##......#
..#...#.# ..# .##...##..#
#...#.#.###.##..##.###
#)#.#..............#
#.#.###.##..##...###
#.......###..#......
.....#### ##........


There were no monsters in sight!

Vanquished Creatures
  Edmund (D:5)
  A sky beast (D:5)
  A necrophage (D:5)
  A centaur (D:4)
  A phantom (D:4)
  A scorpion (D:5)
  A hound (D:5)
  A jelly (D:4)
  A bullfrog zombie (D:5)
  A centaur skeleton (D:4)
  2 bullfrog skeletons (D:5)
  An iguana (D:4)
  A hound skeleton (D:4)
  A howler monkey zombie (D:5)
  4 gnolls (D:4)
  7 adders
  An ufetubus (D:5)
  An adder skeleton (D:5)
  2 dart slugs
  6 orcs
  3 bats
  5 endoplasms
  3 giant cockroaches
  2 goblins
  2 hobgoblins
  9 jackals
  3 quokkas
  7 ball pythons
  4 frilled lizards
  9 kobolds
  3 rats
86 creatures vanquished.

Vanquished Creatures (others)
  11 plants (D:3)
11 creatures vanquished.

Grand Total: 97 creatures vanquished

Notes
Turn   | Place    | Note
-------+----------+-------------------------------------------
     0 | D:1      | Gabide the Human Monk began the quest for the Orb.
     0 | D:1      | Reached XP level 1. HP: 18/18 MP: 1/1
   222 | D:1      | Found a faded altar of an unknown god.
   243 | D:1      | Reached XP level 2. HP: 12/24 MP: 2/2
  1175 | D:1      | Reached XP level 3. HP: 22/29 MP: 3/3
  1739 | D:2      | Found Fidellomy's Book Boutique.
  2039 | D:2      | Reached XP level 4. HP: 30/36 MP: 4/4
  2636 | D:3      | Reached skill level 4 in Polearms
  2682 | D:3      | Found a stormy altar of Qazlal.
  2988 | D:4      | Reached XP level 5. HP: 42/42 MP: 5/5
  3054 | D:4      | Reached skill level 1 in Armour
  3196 | D:4      | Noticed a centaur
  3201 | D:4      | HP: 1/42 [centaur (9)]
  3220 | D:4      | Killed a centaur
  3221 | D:4      | Reached XP level 6. HP: 6/48 MP: 6/6
  3638 | D:4      | Found a transporter.
  3639 | D:4      | Noticed glosham's ghost (novice DjAM)
  3640 | D:4      | Found a transporter.
  3640 | D:4      | Noticed an ogre
  3640 | D:4      | Noticed an ogre
  4363 | D:4      | Reached skill level 5 in Polearms
  4476 | D:4      | Reached XP level 7. HP: 54/54 MP: 7/7
  4685 | D:5      | Entered Level 5 of the Dungeon
  4687 | D:5      | Noticed Edmund
  4742 | D:5      | Killed Edmund
  5324 | D:5      | Reached skill level 6 in Polearms
  5438 | D:5      | Reached XP level 8. HP: 61/61 MP: 8/8
  6160 | D:5      | HP: 2/61 [poisoned by a scorpion]
  6162 | D:5      | Succumbed to a scorpion's poison

Illustrated notes

Levels and vault maps discovered:
D:1:      matt_arrival_grand_opening, layout_basic,
          hellmonk_ecumenical_altar_blasted, kennysheep_another_room
D:2:      layout_loops_ring, serial_shops, nicolae_shop_crystal
D:3:      layout_rooms, mainiacjoe_overflow_chevrons, serial_bayou_pond_e
D:4:      layout_loops_ring, gammafunk_ghost_smash
D:5:      minmay_diamond_boxcup, layout_rooms, minmay_temple_entry_from_below_a,
          kennysheep_nondescript, minmay_strange_pillars, uniq_edmund

Skill      XL: |  1  2  3  4  5  6  7  8 |
---------------+-------------------------+-----
Polearms       | 4 5 6 |  6.5
Armour         | 1 2 3 |  3.1
Fighting       | 4 |  4.7
Dodging        | 4 |  4.7
Stealth        | 3 |  3.1
Shields        | |  0.5

Action                   |  1- 3 |  4- 6 |  7- 9 || total
-------------------------+-------+-------+-------++-------
Melee: Spear             |   131 |   222 |     7 ||   360
       Trident           |       |       |   161 ||   161
Evoke: Wand              |       |       |     2 ||     2
  Use: Scroll            |     3 |     4 |     4 ||    11
       Potion            |       |     2 |     2 ||     4
 Stab: Sleeping          |     4 |     3 |     5 ||    12
       Distracted        |       |     2 |       ||     2
Armor: Robe              |    18 |       |       ||    18
       Ring mail         |    14 |    47 |    30 ||    91
       Skin              |       |    35 |     9 ||    44
Dodge: Dodged            |    71 |   103 |    62 ||   236
Block: Other             |       |       |    37 ||    37
